Cogmind - Beta 12 @@@ ROGUE MODE // 2023.10.31 @ 23:59:29 Player: OgamiTringle Result: Destroyed by Y-45 Defender with Heavy Assault Rifle Performance ------------- Evolutions (2) 1000 Regions Visited (5) 1000 Robots Destroyed (32) 160 Value Destroyed (1157) 1157 Prototype IDs (2) 40 Alien Tech Used (0) 0 Bonus (0) 0 TOTAL SCORE: 3357 Bonus ------- None Cogmind --------- Core Integrity 0/550 Matter 450/450 Energy 61/100 System Corruption 0% Temperature Cool (9) Movement Treading (160) Location -8/Storage Parts ------- > --- POWER (2) -------- (None) > --- PROPULSION (2) --- Light Treads Light Treads > --- UTILITY (5) ------ Large Storage Unit Large Matter Pod Experimental Sensor Array > --- WEAPON (2) ------- Heavy Assault Rifle > --- INVENTORY (15) --- Light Treads Aluminum Leg Aluminum Leg Mining Laser Peak State ------------ > --- POWER ------------ Light Ion Engine Light Ion Engine > --- PROPULSION ------- Aluminum Leg Aluminum Leg > --- UTILITY ---------- Large Storage Unit Large Matter Pod Experimental Sensor Array Drone Bay Drone Bay > --- WEAPON ----------- Gauss Rifle Gauss Rifle > --- INVENTORY -------- Light Treads Light Treads Aluminum Leg Titanium Leg Medium Matter Pod Field Recycling Unit Beam Cannon Mining Laser [Rating: 34] Favorites ----------- Power Light Ion Engine Engine Light Ion Engine Power Core Light Nuclear Core Propulsion Aluminum Leg Treads Light Treads Leg Aluminum Leg Utility Large Matter Pod Device Experimental Sensor Array Storage Large Matter Pod Protection Light Armor Plating Weapon Small Laser Energy Gun Small Laser Energy Cannon Beam Cannon Ballistic Gun Light Assault Rifle Build | -11 -10 -9 -9 -8 -8 ------- Run | Jun Mat Mat Min Mat Sto Slots Evolved 4 | . . 2 . 2 . Power 1 | . . 1 . . . Propulsion . | . . . . . . Utility 3 | . . 1 . 2 . Weapon . | . . . . . . Parts Attached 53 | 6 9 10 1 2 25 Power 8 | 1 1 2 . . 4 Engine 7 | 1 1 2 . . 3 Core 1 | . . . . . 1 Reactor . | . . . . . . Propulsion 12 | 2 1 2 . . 7 Treads 2 | . . . . . 2 Leg 10 | 2 1 2 . . 5 Wheel . | . . . . . . Hover . | . . . . . . Flight . | . . . . . . Utility 20 | 1 4 4 1 2 8 Device 11 | . 1 1 1 1 7 Storage 7 | 1 2 2 . 1 1 Processor . | . . . . . . Hackware . | . . . . . . Protection 2 | . 1 1 . . . Artifact . | . . . . . . Weapon 13 | 2 3 2 . . 6 Energy Gun 4 | 1 2 1 . . . Energy Cannon 3 | . . 1 . . 2 Ballistic Gun 6 | 1 1 . . . 4 Ballistic Cannon . | . . . . . . Launcher . | . . . . . . Special Weapon . | . . . . . . Impact Weapon . | . . . . . . Slashing Weapon . | . . . . . . Piercing Weapon . | . . . . . . Special Melee Weapon . | . . . . . . Unidentified Prototypes 2 | . . . 1 1 . Parts Lost 21 | . . 2 . . 19 Power 7 | . . 1 . . 6 Propulsion 5 | . . . . . 5 Utility 4 | . . 1 . . 3 Weapon 5 | . . . . . 5 Highest Loss Streak 7 | . . 1 . . 7 To Critical Strikes . | . . . . . . Average Slot Usage (%) 90 | . 96 87 100 90 85 Engine 13 | . 14 14 22 18 9 Leg 20 | . 28 22 22 18 15 Device 10 | . 6 . 4 18 16 Storage 22 | . 18 21 28 18 24 Protection 1 | . . 7 . . . Energy Gun 6 | . . 17 11 9 1 Energy Cannon 5 | . . 4 11 9 4 Ballistic Gun 9 | . 28 . . . 10 Naked Turns . | . . . . . . Heaviest Build 50 | 13 21 21 20 42 50 Greatest Support 40 | 20 20 20 20 20 40 Greatest Overweight (x) 8 | 1 1 1 . 2 8 Average Overweight (x) . | . . . . 1 1 Largest Inventory Capacity 15 | 8 8 8 8 15 15 Average Capacity 10 | 6 8 8 8 11 15 Most Carried 10 | 5 8 8 8 9 10 Average Carried 6 | 3 6 5 7 6 6 Final Capacity 15 | 8 8 8 8 15 15 Final Carried 9 | 4 8 7 8 9 4 Class Distribution -------------------- 57% | Mutant 42% | Scavenger-Mutant Dominant Class ---------------- Mutant | -10/Materials Mutant | -9/Materials Scavenger-Mutant | -9/Mines Scavenger-Mutant | -8/Materials Mutant | -8/Storage Resources | -11 -10 -9 -9 -8 -8 ----------- Run | Jun Mat Mat Min Mat Sto Matter Collected 1111 | 238 224 123 48 7 471 Remotely . | . . . . . . Salvage Created 1422 | . 224 239 . . 959 Parts 61 | . 11 11 . . 39 Haulers Intercepted . | . . . . . . Recyclers Shooed . | . . . . . . Parts Field Recycled 16 | . 15 1 . . . Retrieved Matter 141 | . 140 1 . . . Parts Self-Destructed . | . . . . . . Prevented . | . . . . . . Kills | -11 -10 -9 -9 -8 -8 ------- Run | Jun Mat Mat Min Mat Sto Combat Hostiles Destroyed 27 | . 5 6 . . 16 Guns 20 | . 5 5 . . 10 Cannons 7 | . . 1 . . 6 Classes Destroyed 8 | . 2 1 . . 5 Recycler 2 | . . . . . 2 Operator 1 | . . 1 . . . Watcher 2 | . 1 . . . 1 Swarmer 2 | . . . . . 2 Grunt 17 | . 5 6 . . 6 Brawler 1 | . . . . . 1 Duelist 1 | . . . . . 1 Sentry 6 | . . . . . 6 Best Kill Streak 4 | . 2 2 . . 4 Combat Bots Only 3 | . 2 2 . . 3 Max Kills in Single Turn 2 | . 2 1 . . 2 Gunslinging 1 | . 1 . . . 1 Exploded . | . . . . . . Melee . | . . . . . . Uniques/NPCs Destroyed . | . . . . . . Combat | -11 -10 -9 -9 -8 -8 -------- Run | Jun Mat Mat Min Mat Sto Damage Taken 3164 | . 413 360 . 47 2344 Core 720 | . 103 64 . . 553 Absorbed by Shields 56 | . . . . . 56 Core Remaining (%) 80 | 100 58 . 84 . . Volleys Fired 128 | . 27 32 . . 69 Largest 2 | . 2 2 . . 2 Hottest 100 | . 40 100 . . 100 Shots Fired 239 | . 54 63 . . 122 Gun 192 | . 54 54 . . 84 Cannon 47 | . . 9 . . 38 Launcher . | . . . . . . Special . | . . . . . . Kinetic 137 | . 54 . . . 83 Thermal 102 | . . 63 . . 39 Explosive . | . . . . . . Electromagnetic . | . . . . . . Robot Hit Streak 14 | . 6 6 . . 14 Robot Miss Streak 3 | . 3 3 . . 3 Penetration Max 1 | . . . . . 1 Secondary Targets 2 | . 1 . . . 1 Max Gunslinging Chain 1 | . 1 . . . 1 Shots Hit Robots 160 | . 36 41 . . 83 Core Hits 60 | . 16 12 . . 32 Critical Kills 1 | . 1 . . . . Critical Parts Destroyed 2 | . . . . . 2 Critical Strikes 3 | . 1 . . . 2 Destroy 3 | . 1 . . . 2 Melee Attacks . | . . . . . . Impact . | . . . . . . Slashing . | . . . . . . Piercing . | . . . . . . Sneak Attacks . | . . . . . . Combat Hostiles . | . . . . . . Follow-up Attacks . | . . . . . . Damage Inflicted 2526 | . 376 468 . . 1682 Guns 1865 | . 376 398 . . 1091 Cannons 538 | . . 70 . . 468 Explosions 123 | . . . . . 123 Melee . | . . . . . . Ramming . | . . . . . . Kinetic 1455 | . 376 . . . 1079 Thermal 948 | . . 468 . . 480 Explosive 123 | . . . . . 123 Electromagnetic . | . . . . . . Impact . | . . . . . . Slashing . | . . . . . . Piercing . | . . . . . . Highest Corruption . | . . . . . . Average Corruption . | . . . . . . Corruption Purged . | . . . . . . Corruption Blocked . | . . . . . . Overload Shots . | . . . . . . Overflow Damage 60 | . . . . . 60 Projectiles 6 | . . . . . 6 Explosions 54 | . . . . . 54 Melee . | . . . . . . Knockbacks . | . . . . . . Impact . | . . . . . . Kinetic . | . . . . . . Secondary . | . . . . . . Self-Inflicted Damage 50 | . . . . . 50 Shots 1 | . . . . . 1 Rammed . | . . . . . . Targets Rammed . | . . . . . . Kicked . | . . . . . . Crushed . | . . . . . . Highest Temperature 451 | . 185 451 . . 246 Average Temperature 101 | . 76 141 . . 77 Received Heat Transfer 1261 | . 231 198 . . 832 Effects 3 | . . 3 . . . Shutdowns 2 | . . 2 . . . Damage (minor) 1 | . . 1 . . . Siege Activations . | . . . . . . Robots Corrupted . | . . . . . . Combat Hostiles . | . . . . . . Parts Fried . | . . . . . . Impact Corruptions . | . . . . . . Robots Melted . | . . . . . . Combat Hostiles . | . . . . . . Parts Melted 2 | . . 1 . . 1 Heat Transferred 1924 | . . 1048 . . 876 Parts Sabotaged . | . . . . . . Parts Stolen . | . . . . . . Parts Stripped . | . . . . . . Power Chain Reactions . | . . . . . . Missiles Intercepted . | . . . . . . Alert | -11 -10 -9 -9 -8 -8 ------- Run | Jun Mat Mat Min Mat Sto Peak Influence 183 | . 156 146 56 21 183 Initial 56 | . . . 56 21 . Average 67 | . 77 82 56 4 88 Maximum Alert Level 1 | . . . . . 1 Low Security (%) 99 | 100 100 100 100 100 99 Level 1 . | . . . . . . Level 2 . | . . . . . . Level 3 . | . . . . . . Level 4 . | . . . . . . Level 5 . | . . . . . . High Security . | . . . . . . Max Security . | . . . . . . Squads Dispatched 11 | . 1 1 . . 9 Investigation 1 | . 1 . . . . Extermination . | . . . . . . Reinforcement 4 | . . 1 . . 3 Assault . | . . . . . . Garrison 6 | . . . . . 6 Intercept . | . . . . . . Searches Triggered . | . . . . . . Construction Impeded 1 | . . . . . 1 Haulers Reinforced . | . . . . . . Active Scanning Responses . | . . . . . . Cargo Convoy Interrupts . | . . . . . . Stealth | -11 -10 -9 -9 -8 -8 --------- Run | Jun Mat Mat Min Mat Sto Distress Signals 4 | . 2 . . . 2 Communications Jammed . | . . . . . . Distress Signals . | . . . . . . Times Spotted 46 | . 9 11 . 1 25 Peak Tracking Total 11 | . 3 3 . 1 11 Tactical Retreats 1 | . . . . . 1 Traps | -11 -10 -9 -9 -8 -8 ------- Run | Jun Mat Mat Min Mat Sto Traps Triggered 1 | . . . . . 1 Indirectly . | . . . . . . Trap Hack Attempts . | . . . . . . Triggered . | . . . . . . Disarmed . | . . . . . . Reprogrammed . | . . . . . . Reused . | . . . . . . Traps Extracted . | . . . . . . Installed . | . . . . . . Triggered . | . . . . . . Machines | -11 -10 -9 -9 -8 -8 ---------- Run | Jun Mat Mat Min Mat Sto Machines Disabled 3 | . . . . . 3 Max in Single Turn 1 | . . . . . 1 Machines Repaired . | . . . . . . Machines Sabotaged . | . . . . . . Overloaded Fab Kills . | . . . . . . Hacking | -11 -10 -9 -9 -8 -8 --------- Run | Jun Mat Mat Min Mat Sto Machines Accessed 9 | . 1 1 1 . 6 Terminals 7 | . 1 1 . . 5 Fabricators . | . . . . . . Repair Stations . | . . . . . . Recycling Units . | . . . . . . Scanalyzers . | . . . . . . Garrison Access 1 | . . . . . 1 Total Hacks 18 | . 4 2 1 . 11 Successful 11 | . 2 . 1 . 8 Failed 7 | . 2 2 . . 3 Catastrophic . | . . . . . . Database Lockouts . | . . . . . . Manual . | . . . . . . Terminals 15 | . 4 2 . . 9 Fabricators . | . . . . . . Repair Stations . | . . . . . . Recycling Units . | . . . . . . Scanalyzers . | . . . . . . Garrison Access 2 | . . . . . 2 Terminal Hacks 11 | . 2 . 1 . 8 Open Door 2 | . . . 1 . 1 Alert Level 2 | . . . . . 2 Locate Traps 2 | . . . . . 2 Dispatch Records 1 | . 1 . . . . Zone Layout 4 | . 1 . . . 3 Fabricator Hacks . | . . . . . . Repair Station Hacks . | . . . . . . Recycling Unit Hacks . | . . . . . . Scanalyzer . | . . . . . . Garrison Access Hacks . | . . . . . . Unauthorized Hacks . | . . . . . . Terminals . | . . . . . . Fabricators . | . . . . . . Repair Stations . | . . . . . . Recycling Units . | . . . . . . Scanalyzers . | . . . . . . Garrison Access . | . . . . . . Data Cores Recovered 1 | . . 1 . . . Used 1 | . . 1 . . . Hacking Detections 5 | . 1 1 . . 3 Full Trace Events 2 | . 1 . . . 1 Feedback Events . | . . . . . . Feedback Blocked . | . . . . . . Robot Schematics Acquired . | . . . . . . Robots Built . | . . . . . . Authchips . | . . . . . . Time . | . . . . . . Total Robot Build Rating . | . . . . . . Part Schematics Acquired . | . . . . . . Parts Built . | . . . . . . Authchips . | . . . . . . Time . | . . . . . . Total Part Build Rating . | . . . . . . Parts Repaired . | . . . . . . Time . | . . . . . . Parts Recycled . | . . . . . . Recycled Matter . | . . . . . . Retrieved Matter . | . . . . . . Retrieved Components . | . . . . . . Parts Scanalyzed . | . . . . . . Part Schematics Acquired . | . . . . . . Parts Damaged . | . . . . . . Bothacking | -11 -10 -9 -9 -8 -8 ------------ Run | Jun Mat Mat Min Mat Sto Used RIF Installer . | . . . . . . Robots Hacked . | . . . . . . Non-combat . | . . . . . . Combat . | . . . . . . Robot Hacks Applied . | . . . . . . Relay Couplers Released . | . . . . . . Fabnet Peak Effective % . | . . . . . . Robots Rewired . | . . . . . . Allies Hacked . | . . . . . . Hacks Repelled . | . . . . . . Allies | -11 -10 -9 -9 -8 -8 -------- Run | Jun Mat Mat Min Mat Sto Total Allies 1 | . . . 1 . . Largest Group 1 | . . . 1 1 . Highest-Rated Group 31 | . . . 31 31 . Highest-Rated Ally 31 | . . . 31 31 . Total Orders 4 | . . . . . 4 ROAM 4 | . . . . . 4 Ally Attacks 13 | . . . . 13 . Total Damage . | . . . . . . Kills . | . . . . . . Allies Corrupted . | . . . . . . Allies Melted . | . . . . . . Intel | -11 -10 -9 -9 -8 -8 ------- Run | Jun Mat Mat Min Mat Sto Robot Analysis Total . | . . . . . . Derelict Logs Recovered 1 | . . . 1 . . Drone Launches 24 | . . . . 17 7 Drone Recoveries 4 | . . . . 1 3 Exploration | -11 -10 -9 -9 -8 -8 ------------- Run | Jun Mat Mat Min Mat Sto Turns Passed 2364 | 74 408 366 346 292 878 Spaces Moved 1040 | 46 187 146 271 133 257 Core 19 | 18 . . . . 1 Treads 21 | . . . . . 21 Legs 1000 | 28 187 146 271 133 235 Wheels . | . . . . . . Hover . | . . . . . . Flight . | . . . . . . Fastest Speed 50 | 50 120 120 120 190 160 Average Speed 158 | 94 146 133 120 215 205 Slowest Speed 450 | 120 190 190 120 260 450 Overloaded Moves . | . . . . . . Propulsion Burnouts . | . . . . . . Robots Hopped . | . . . . . . Cave-ins Triggered . | . . . . . . Exploration Rate (%) 26 | 4 35 12 63 9 38 Regions Visited 5 Branch Regions 2 Pre-discovered Areas 1 | . . . 1 . . Known Exits Taken . | . . . . . . Unknown Exits Taken 5 | 1 1 1 1 1 . Scrap Searched 2 | . . . 2 . . Spaces Dug . | . . . . . . Terrain Destroyed 23 | . . . . . 23 Melee . | . . . . . . Projectile 4 | . . . . . 4 AOE 19 | . . . . . 19 Terrain Rammed . | . . . . . . Walls Destroyed . | . . . . . . Machines Disabled . | . . . . . . Actions | -11 -10 -9 -9 -8 -8 --------- Run | Jun Mat Mat Min Mat Sto Total 1521 | 75 270 251 293 140 492 Wait 237 | 16 40 57 16 1 107 Move 1035 | 45 186 145 270 132 257 Hop . | . . . . . . Pick Up 43 | 8 6 5 3 4 17 Fast Attach 2 | 2 . . . . . Attach 32 | 4 1 4 . 1 22 Detach . | . . . . . . Swap 19 | . 8 6 1 1 3 Drop 14 | . 2 2 3 1 6 Fire 128 | . 27 32 . . 69 Melee . | . . . . . . Ram . | . . . . . . Kick . | . . . . . . Crush . | . . . . . . Escape Stasis . | . . . . . . Rewire 11 | . . . . . 11 Trap . | . . . . . . Miscellaneous . | . . . . . . Route ------- -11/Junkyard -10/Materials (discovered 2 exits: *Mat x2) -9/Materials -9/Mines (discovered 2 exits: *Mat x2) -8/Materials -8/Storage History --------- Turn | Location | Event 28 | -11/Junkyard | Discovered new exit (range 16) 75 | -11/Junkyard | Entered Materials 202 | -10/Materials | Discovered new exit (range 17) 318 | -10/Materials | Build established: Mutant 465 | -10/Materials | Discovered new exit (range 5) 483 | -10/Materials | Entered another Materials area 483 | -9/Materials | Evolved 2 slots: Power x1, Utility x1 831 | -9/Materials | Discovered new exit (range 7) 849 | -9/Materials | Entered Mines 893 | -9/Mines | Learned location of Zion (-7) 993 | -9/Mines | Discovered new exit (range 6) 1047 | -9/Mines | Found a damaged Exp. Sensor Array with a note attached 1050 | -9/Mines | Found Prototype Device 1051 | -9/Mines | Identified Exp. Sensor Array 1087 | -9/Mines | Found the Drone Emporium 1095 | -9/Mines | Found Prototype Device 1116 | -9/Mines | Build established: Scavenger-Mutant 1169 | -9/Mines | Discovered new exit (range 5) 1172 | -9/Mines | Received a Mining Laser from a helpful Derelict 1195 | -9/Mines | Entered Materials 1195 | -8/Materials | Accompanied by 1 ally 1195 | -8/Materials | Evolved 2 slots: Utility x2 1195 | -8/Materials | Identified Bomb Drone Bay 1257 | -8/Materials | Discovered new exit (range 24) 1487 | -8/Materials | Entered Storage 1487 | -8/Storage | Accompanied by 2 allies 1622 | -8/Storage | Garrison activated, responded to threat 1885 | -8/Storage | Build established: Mutant 1969 | -8/Storage | Garrison activated, responded to threat 2018 | -8/Storage | Lost 3 parts (1p1u1w) 2313 | -8/Storage | Core integrity fell below 50% 2330 | -8/Storage | Core integrity fell below 20% 2345 | -8/Storage | Lost 7 parts (2p2n2u1w) 2365 | -8/Storage | Destroyed by Y-45 Defender with Heavy Assault Rifle Last Messages --------------- >>Layout(Zone) Retrieving Zone 9J layout... Downloaded map data. >>Traps(Locate) Found 10 traps in 2 arrays: 6x Alarm Trap 4x Blade Trap Map updated. 02347_ K-01 Serf collects debris. 02354_ U-05 Engineer builds a Wall. 02355_ U-05 Engineer builds a Door. 02356_ K-01 Serf collects debris. 02356_ U-05 Engineer builds a Wall. 02357_ K-01 Serf collects debris. 02364_ Connecting with Terminal... >>Layout(Zone) Retrieving Zone 1Y layout... Downloaded map data. >>Alert(Check) Current Alert Level: Low Security Map ----- +----------------------------------------------------+ | ????###########??????????????????????????????????? | | ????# ! #??????????????????????????????????? | | ##### T """ #??????????????????????????????????? | | # """ #??????????????????????????????????? | | # """ #??????????????????????????????????? | | + #??????????????????????????????????? | | %# #??????????????????????????????????? | | # #??????????????????????????????????? | | ## = #??????????????????????????????????? | | ######" "###?????????????????# # """????????? | | #????#"G"#???????????????????# + """????????? | | % #????#"""#???????????????????# # ????????? | | % #????#####???????????????????# # ????????? | | %#????????????????????????????# # ????????? | | ###########???????????######## #####????????? | | #???????????# ## #????????????? | | #???????????# ## #####????????? | | #???????????# T## ## ????????? | | ###########+###########??## ###? ## ????????? | | #### # #####+#### # ????????? | | # ! ! # ^^ # ????????? | | # ! # ^^ + ????????? | | # =# ^^ # ????????? | | # ] % # ########## # ????????? | | ############### ###"T"####### ### ????????? | | #??## # # @ Y ## #?# ????????? | | #??#*! # # """ """ ### #?# ##????????? | | ########! # """ """ #?# #?###?????????? | | !%/!% + """ """ #?# #?????????????? | | ########%% # #?# #?????????????? | | #????# # # #?# #?????????????? | | #????# # # # #?# #?????????????? | | #????### # # #?# #?????????????? | | ???????### #"T"### #############+##????????????? | | ?????????###"""#?#####??# #????????????? | | ???????????#####????????# """ """ #????????????? | | ????????????????????????# """ """ #????????????? | | ????????????????????????# """ """ #????????????? | | ???????????????????????## #????????????? | | ???????????????????????# #????????????? | | ??###??????????????????## ????????????????????? | | ### #####???????????????#####????????????????????? | | ???????????????????#????????????????????? | | ???????????????????#????????????????????? | | ???????????????????#????????????????????? | | ???????????????????#????????????????????? | | ??????????????????##????????????????????? | | """"" ??????????????????# ????????????????????? | | ???????????????????????????# ????????????????????? | | ?????????????????????????????????????????????????? | +----------------------------------------------------+ Best States ------------- Heat Dissipation 31 Energy Generation 19 Energy Capacity 290 Matter Stores 550 Matter Capacity 550 Sight Range 16 Robot Scan Range 20 Terrain Scan Density 10 Armor Coverage 150 Evasion (%) 55 Recoil Reduction 2 Item Schematics ----------------- None Robot Schematics ------------------ None Fabricated ------------ Nothing Alien Tech Used ----------------- None Achievements -------------- Dynamic Key Release The Drones! Challenges ------------ None Game ------ Seed DeepIntegratedChronowheel Manual? 0 Play Time 00:37:32 Cumulative 4.1 hours Start 2023.10.31 @ 12:36:09 End 2023.10.31 @ 23:59:29 Sessions 7 Manual Loads 0 Difficulty Rogue Special Mode None Game No. 11 Rogue 11 Adventurer 0 Explorer 0 Win Type - Total 0 Types 0/0/0/0/0/0/0/0/0 Lore% 7 Gallery% 8 Achievement% 10 Wizard Run 0 Options --------- ASCII 0 Keyboard 0 Movement Mouse Keybinds 0 Fullscreen 2 Font 24/Crisp Map View 76x50 Tactical HUD 1 Map Filters NONE Filters NONE Steam 1 RUN: 4015e483-796f-4f18-aafe-0bb8c5fd609f